 Dungeon Crawl Stone Soup version 0.27-a0-1196-g3e9cee4cb2 (webtiles) character file.

Game seed: 3734273154807873070

846 Froggeryz the Cleaver (level 8, -11/87 HPs)
             Began as a Human Berserker on May 28, 2021.
             Was an Elder of Trog.
             Mangled by Pikel
             ... wielding a +2 whip of electrocution
              (14 damage)
             ... on level 5 of the Dungeon.
             The game lasted 00:04:57 (5907 turns).

Froggeryz the Cleaver (Human Berserker)             Turns: 5907, Time: 00:04:58

Health: -11/87     AC:  5    Str: 19    XL:     8   Next: 20%
Magic:  8/8        EV: 11    Int:  9    God:    Trog [****..]
Gold:   170        SH:  0    Dex: 12    Spells: 7/7 levels left

rFire    . . .     SeeInvis .   a - +0 hand axe
rCold    . . .     Faith    .   (no shield)
rNeg     . . .     Spirit   .   d - +0 ring mail
rPois    .         Reflect  .   (no helmet)
rElec    .         Harm     .   (no cloak)
rCorr    .         Rampage  .   (no gloves)
Will     .....                  (no boots)
Stlth    ..........             (no amulet)
HPRegen  0.24/turn              (no ring)
MPRegen  0.11/turn              (no ring)

@: berserking (expiring), very quick
A: no striking features
a: Renounce Religion, Berserk, Trog's Hand, Brothers in Arms


You were on level 5 of the Dungeon.
You worshipped Trog.
Trog was greatly pleased with you.
You visited 1 branch of the dungeon, and saw 5 of its levels.

You collected 170 gold pieces.

Inventory:

Hand Weapons
 a - a +0 hand axe (weapon)
Missiles
 j - 4 boomerangs (quivered)
 p - 6 atropa-tipped darts
Armour
 d - a +0 ring mail (worn)
 k - a +0 kite shield
Jewellery
 b - a +4 ring of evasion
Scrolls
 f - 2 scrolls of teleportation {unknown}
 g - 7 scrolls of identify {unknown}
 h - a scroll of fear {unknown}
 l - a scroll of summoning {unknown}
 m - a scroll of acquirement {unknown}
 q - a scroll of torment {unknown}
Potions
 c - 4 potions of flight {unknown}
 e - a potion of attraction {unknown}
 i - 2 potions of degeneration {unknown}
 n - a potion of haste {unknown}
 o - 2 potions of curing {unknown}


   Skills:
 - Level 3.0 Fighting
 * Level 9.3 Axes
 - Level 2.0 Armour
 - Level 2.0 Dodging


You had 7 spell levels left.
You didn't know any spells.
Your spell library was empty.

Dungeon Overview and Level Annotations

Branches:
Dungeon (5/15)
 Temple: D:4-7

Altars:
Zin

Annotations:
D:5 Pikel


Message History

You miss Pikel. You closely miss the lemure. You completely miss the jackal.
The jackal closely misses you. The lemure closely misses you.
Pikel closely misses you.
You closely miss Pikel. You hit the lemure. You hit the jackal.
You kill the jackal!
Trog accepts your kill.
You hit Pikel.
Pikel is lightly wounded.
You slash the lemure! You hit the jackal but do no damage. The lemure hits you.
Pikel hits you with a +2 whip of electrocution!
You hit Pikel but do no damage.
Pikel is lightly wounded.
You hit the lemure. You hit the jackal. The jackal barely misses you.
The lemure hits you.
You slash Pikel!
Pikel is lightly wounded.
You hit the lemure. You slash the jackal!
You kill the jackal!
Trog accepts your kill.
Pikel hits you with a +2 whip of electrocution!
You are electrocuted!
* * * LOW HITPOINT WARNING * * *
You hit Pikel but do no damage.
Pikel is lightly wounded.
You hit the lemure. You closely miss the lemure.
The lemure closely misses you. x2
Pikel hits you with a +2 whip of electrocution!
* * * LOW HITPOINT WARNING * * *
You barely miss Pikel.
Pikel is lightly wounded.
You slash the lemure! You hit the lemure.
You kill the lemure!
That felt strangely unrewarding.
You hit Pikel.
Pikel is moderately wounded.
You slash the lemure! The lemure hits you.
* * * LOW HITPOINT WARNING * * *
Pikel hits you with a +2 whip of electrocution.
* * * LOW HITPOINT WARNING * * *
You are electrocuted!
You die...

####+###...###...##..
#.....####+###...##..
#.....#..............
#.....#..............
#.....#..........##..
#.....#..........####
#...5.#...........#
#..K55##...########
####@###...##
#.....##....#
#...........#
#...........#
#...........#
#...........#
#...........#
#......(....#
#...####.####


You could see Pikel and 3 lemures.

Vanquished Creatures
  A steam dragon (D:4)
  A necrophage (D:4)
  A centaur (D:5)
  A lemure (D:5)
  2 scorpions
  A water moccasin skeleton (D:5)
  2 hounds (D:5)
  A hound zombie (D:5)
  8 adders
  12 gnolls
  2 worms
  3 dart slugs
  6 orcs
  4 bats
  8 endoplasms
  11 giant cockroaches
  7 goblins
  5 hobgoblins
  12 jackals
  2 quokkas (D:1)
  10 ball pythons
  8 frilled lizards
  7 kobolds
  5 rats
120 creatures vanquished.

Vanquished Creatures (others)
  2 jackals (D:4)
  4 plants (D:2)
6 creatures vanquished.

Grand Total: 126 creatures vanquished

Notes
Turn   | Place    | Note
-------+----------+-------------------------------------------
     0 | D:1      | Froggeryz the Human Berserker began the quest for the Orb.
     0 | D:1      | Reached XP level 1. HP: 18/18 MP: 1/1
   385 | D:1      | Reached XP level 2. HP: 21/24 MP: 2/2
   580 | D:1      | Reached skill level 4 in Axes
   580 | D:1      | Reached XP level 3. HP: 22/29 MP: 3/3
   790 | D:1      | Reached ** piety under Trog
   990 | D:1      | Found a faded altar of an unknown god.
  1145 | D:2      | Found a glowing silver altar of Zin.
  1565 | D:2      | Reached XP level 4. HP: 21/35 MP: 4/4
  1808 | D:2      | Reached skill level 5 in Axes
  2061 | D:2      | You fall into a shaft and drop 1 floor!
  2537 | D:3      | Reached XP level 5. HP: 41/41 MP: 5/5
  2612 | D:3      | Reached *** piety under Trog
  3331 | D:3      | Reached skill level 6 in Axes
  3642 | D:4      | Reached XP level 6. HP: 47/47 MP: 6/6
  3963 | D:4      | Reached skill level 7 in Axes
  4197 | D:4      | Noticed a steam dragon
  4210 | D:4      | Killed a steam dragon
  4211 | D:4      | Reached XP level 7. HP: 17/52 MP: 7/7
  4549 | D:4      | Reached skill level 8 in Axes
  4819 | D:4      | Reached **** piety under Trog
  5135 | D:5      | Entered Level 5 of the Dungeon
  5513 | D:5      | Reached XP level 8. HP: 55/58 MP: 8/8
  5558 | D:5      | Reached skill level 9 in Axes
  5890 | D:5      | Noticed Pikel
  5907 | D:5      | HP: 3/87 [Pikel/+2 whip of electrocution (3)]
  5907 | D:5      | Mangled by Pikel

Illustrated notes

Levels and vault maps discovered:
D:1:      minmay_arrival_stair_chambers, layout_basic,
          ebering_ecumenical_altar_webs, minmay_worlds_worst_comb
D:2:      layout_basic, basic_altar, minmay_shallow_snake_nest
D:3:      layout_rooms
D:4:      layout_rooms, roderic_nine_men_s_morris, item_on_display_a
D:5:      layout_gridville, uniq_pikel

Skill      XL: |  1  2  3  4  5  6  7  8 |
---------------+-------------------------+-----
Axes           | 4 5 6 7 8 9 |  9.3
Fighting       | |  3.0
Armour         | |  2.0
Dodging        | |  2.0

Action                   |  1- 3 |  4- 6 |  7- 9 || total
-------------------------+-------+-------+-------++-------
Melee: Hand axe          |   133 |   206 |   121 ||   460
Throw: Boomerang         |       |       |     1 ||     1
Invok: Berserk           |       |     6 |     1 ||     7
Armor: Ring mail         |    59 |    76 |    45 ||   180
Dodge: Dodged            |    89 |   122 |    59 ||   270

Table legend: (Time is in decaauts)
 A = Elapsed time spent in this place.
 B = Non-inter-level travel time spent in this place.
 C = Inter-level travel time spent in this place.
 D = Time resting spent in this place.
 E = Time spent auto-exploring this place.
 F = Levels seen in this place.
 G = Mean time per level.
                   A        B        C        D        E       F      G
               +--------+--------+--------+--------+--------+-----+--------+
         Total |   5957 |   5886 |     71 |   1578 |   3461 |   5 | 1191.4 |
       Dungeon |   5957 |   5886 |     71 |   1578 |   3461 |   5 | 1191.4 |
               +--------+--------+--------+--------+--------+-----+--------+

Top non-repeatable levels by time:
     D:3: 1757 daAuts
     D:2: 1375 daAuts
     D:1: 1148 daAuts
     D:4: 917 daAuts
     D:5: 758 daAuts
